 Dungeon Crawl Stone Soup version 0.26-a0-665-gefeb406119 (webtiles) character file.

Game seed: 3578754888828614744

144 robertstho the Bolt Thrower (level 5, -2/31 HPs)
             Began as a Kobold Hunter on Oct 15, 2020.
             Blown up by Ijyb (31 damage)
             ... with a disintegration bolt
             ... on level 3 of the Dungeon.
             The game lasted 00:02:36 (1577 turns).

robertstho the Bolt Thrower (Kobold Hunter)         Turns: 1577, Time: 00:02:36

Health: -2/31      AC:  6    Str: 11    XL:     5   Next: 51%
Magic:  5/5        EV: 12    Int: 12    God:
Gold:   130        SH:  0    Dex: 15    Spells: 4/4 levels left

rFire    . . .     SeeInvis .   b - +0 short sword
rCold    . . .     Faith    .   (shield restricted)
rNeg     . . .     Spirit   .   n - +0 scale mail
rPois    .         Reflect  .   (no helmet)
rElec    .         Harm     .   (no cloak)
rCorr    .         Rampage  .   (no gloves)
MR       .....                  (no boots)
Stlth    +.........             (no amulet)
HPRegen  0.10/turn              (no ring)
MPRegen  0.09/turn              (no ring)

@: mighty
A: small, nightstalker 3
a: no special abilities


You were on level 3 of the Dungeon.
You visited 1 branch of the dungeon, and saw 3 of its levels.

You collected 130 gold pieces.

Inventory:

Hand Weapons
 a - a +1 hand crossbow
 b - a +0 short sword (weapon)
Armour
 n - a +0 scale mail (worn)
Jewellery
 s - an uncursed ring of ice {unknown}
Scrolls
 h - a scroll of random uselessness {unknown}
 p - a scroll of immolation {unknown}
 r - 2 scrolls of identify
 u - a scroll of blinking {unknown}
 v - a scroll of teleportation {unknown}
Potions
 c - a potion of lignification {unknown}
 e - 2 potions of curing
 f - a potion of mutation {unknown}
 g - a potion of flight {unknown}
 i - a potion of resistance {unknown}
 j - 2 potions of haste {unknown}
 l - a potion of magic {unknown}
 m - a potion of berserk rage
 o - a potion of cancellation {unknown}
 q - 2 potions of invisibility {unknown}
 t - a potion of stabbing {unknown}


   Skills:
 + Level 2.7 Fighting
 + Level 7.2 Crossbows
 + Level 0.3 Armour
 + Level 2.9 Dodging
 + Level 1.3 Stealth


You had 4 spell levels left.
You didn't know any spells.
Your spell library was empty.

Dungeon Overview and Level Annotations

Branches:
Dungeon (3/15)

Altars:
Qazlal
Uskayaw

Annotations:
D:3 1 runed translucent door, Ijyb


Innate Abilities, Weirdness & Mutations

You are small and have problems with some larger weapons.
You are completely attuned to the shadows.


Message History

Ijyb hits you but does no damage.
Okay, then.
Okay, then.
Okay, then.
Okay, then.
Okay, then.
Okay, then.
Firing (i - inventory) No suitable missiles.
Press: ? - help, Shift-Dir - straight line, f/p - Ijyb
Aim: Ijyb, wearing a +3 leather armour of cold resistance and carrying a wand of disintegration (16)
Okay, then.
b - a +0 short sword (weapon)
You feel very mighty all of a sudden. Ijyb screams, "Me kill you!"
Ijyb closely misses you.
You barely miss Ijyb. Ijyb misses you.
You closely miss Ijyb. Ijyb hits you.
You barely miss Ijyb.
Ijyb zaps a wand.
You are blasted!
Ouch! That really hurt!
You die...

..# ##...##.
........
.......######
............#
.......####.#
#.....## #.#
##....#
#.#######..
####.#
#.....@g.((
#.#
########.#.
#.# # ##.##
##...##
###.#.#.##
.........#
#.#
###.#.#..#
#.# ##...#.#
#.#


You could see Ijyb.

Vanquished Creatures
  A bullfrog (D:2)
  3 adders (D:2)
  An ooze (D:1)
  A dart slug (D:3)
  6 leopard geckos
  2 giant cockroaches
  7 hobgoblins
  2 jackals (D:3)
  4 kobolds
  A ball python (D:3)
  7 bats
  2 frilled lizards
  A goblin (D:1)
  5 rats
43 creatures vanquished.

Notes
Turn   | Place    | Note
-------+----------+-------------------------------------------
     0 | D:1      | robertstho the Kobold Hunter began the quest for the Orb.
     0 | D:1      | Reached XP level 1. HP: 12/12 MP: 1/1
    45 | D:1      | Reached skill level 5 in Crossbows
    48 | D:1      | Reached XP level 2. HP: 17/17 MP: 2/2
   178 | D:1      | Reached XP level 3. HP: 21/21 MP: 3/3
   780 | D:2      | Reached skill level 6 in Crossbows
   791 | D:2      | Noticed a bullfrog
   796 | D:2      | Killed a bullfrog
   796 | D:2      | Reached XP level 4. HP: 27/27 MP: 4/4
   796 | D:2      | Reached XP level 5. HP: 31/31 MP: 5/5
   909 | D:2      | Found a stormy altar of Qazlal.
  1078 | D:2      | Reached skill level 7 in Crossbows
  1089 | D:2      | Found a hide-covered altar of Uskayaw.
  1413 | D:3      | Found a runed translucent gate.
  1569 | D:3      | Noticed Ijyb
  1577 | D:3      | Blown up by Ijyb

Illustrated notes

Levels and vault maps discovered:
D:1:      lightli_arrival_statuegarden, layout_rooms, minmay_pentomino_x2
D:2:      layout_loops_cross, nicolae_overflow_crystal_walls,
          lemuel_coloured_pillars_altar
D:3:      layout_loops_ring, gammafunk_ghost_nasty_kobolds, uniq_ijyb

Skill      XL: |  1  2  3  4  5 |
---------------+----------------+-----
Crossbows      | 5 6 7 |  7.2
Fighting       | |  2.7
Armour         | |  0.3
Dodging        | |  2.9
Stealth        | |  1.3

Action                   |  1- 3 |  4- 6 || total
-------------------------+-------+-------++-------
Melee: Short sword       |       |     3 ||     3
 Fire: Hand crossbow     |    55 |    35 ||    90
  Use: Scroll            |     3 |       ||     3
       Potion            |       |     1 ||     1
Armor: Leather armour    |     2 |       ||     2
       Scale mail        |     2 |     3 ||     5
Dodge: Dodged            |    15 |     9 ||    24

Table legend: (Time is in decaauts)
 A = Elapsed time spent in this place.
 B = Non-inter-level travel time spent in this place.
 C = Inter-level travel time spent in this place.
 D = Time resting spent in this place.
 E = Time spent auto-exploring this place.
 F = Levels seen in this place.
 G = Mean time per level.
                   A        B        C        D        E       F      G
               +--------+--------+--------+--------+--------+-----+--------+
         Total |   1594 |   1568 |     26 |      0 |   1345 |   3 |  531.3 |
       Dungeon |   1594 |   1568 |     26 |      0 |   1345 |   3 |  531.3 |
               +--------+--------+--------+--------+--------+-----+--------+

Top non-repeatable levels by time:
     D:2: 671 daAuts
     D:1: 624 daAuts
     D:3: 298 daAuts
